 Dungeon Crawl Stone Soup version 0.28-a0-1117-g0bdd5ba030 (webtiles) character file.

Game seed: 8129624639633921324

186 SensoryNuts the Slasher (level 5, 0/39 HPs)
             Began as a Demonspawn Gladiator on Dec 11, 2021.
             Slain by a gnoll (5 damage)
             ... on level 3 of the Dungeon.
             The game lasted 00:02:45 (3507 turns).

SensoryNuts the Slasher (Demonspawn Gladiator)      Turns: 3507, Time: 00:02:45

Health: 0/39       AC: 14    Str: 16    XL:     5   Next: 38%
Magic:  5/5        EV:  7    Int:  9    God:
Gold:   76         SH:  0    Dex: 15    Spells: 4/4 levels left

rFire   . . .      SeeInvis .   a - +1 long sword
rCold   . . .      Faith    .   (no shield)
rNeg    . . .      Spirit   .   m - +1 plate armour
rPois   .          Reflect  .   (helmet restricted)
rElec   .          Harm     .   (no cloak)
rCorr   .          Rampage  .   p - +2 pair of gloves
Will    .....                   (no boots)
Stlth   ..........              (no amulet)
HPRegen 0.13/turn               (no ring)
MPRegen 0.09/turn               (no ring)

@: no status effects
A: antennae 1, demonic guardian 1, sturdy frame 1
a: no special abilities


You were on level 3 of the Dungeon.
You visited 1 branch of the dungeon, and saw 3 of its levels.

You collected 76 gold pieces.

Inventory:

Hand Weapons
 a - a +1 long sword (weapon)
Missiles
 d - 3 throwing nets (quivered)
Armour
 b - a +0 leather armour
 c - a +0 helmet
 m - a +1 plate armour (worn)
 p - a +2 pair of gloves (worn)
Scrolls
 e - a scroll of teleportation
 l - a scroll of identify
 n - a scroll of amnesia
Potions
 f - a potion of lignification {unknown}
 i - a potion of might


   Skills:
 + Level 2.6 Fighting
 + Level 4.4 Long Blades
 + Level 1.9 Throwing
 + Level 1.7 Armour
 + Level 3.2 Dodging
 + Level 0.2 Stealth


You had 4 spell levels left.
You didn't know any spells.
Your spell library was empty.

Dungeon Overview and Level Annotations

Branches:
Dungeon (3/15)

Altars:
Makhleb

Shops:
D:1 =   D:3 [


Innate Abilities, Weirdness & Mutations

You have a pair of small antennae on your head.
A weak demonic guardian rushes to your aid.
Your movements are slightly less encumbered by armour. (ER -2)


Message History

The gnoll barely misses you.
The gnoll hits you from afar with a +0 halberd!
You see here a +0 whip.
The gnoll closely misses you.
The gnoll hits you but does no damage. x2
You hit the gnoll.
The gnoll is moderately wounded.
The gnoll barely misses you.
The gnoll hits you from afar with a +0 spear.
You barely miss the gnoll.
The gnoll is moderately wounded.
The gnoll barely misses you. x2
You completely miss the gnoll.
The gnoll is moderately wounded.
The gnoll hits you with a +0 halberd!
The gnoll hits you from afar with a +0 spear.
You hit the gnoll.
The gnoll is heavily wounded.
The gnoll hits you with a +0 halberd. The gnoll closely misses you.
You barely miss the gnoll.
The gnoll is heavily wounded.
The gnoll hits you with a +0 halberd. The gnoll completely misses you.
The gnoll closely misses you. The gnoll hits you but does no damage.
You closely miss the gnoll.
The gnoll is heavily wounded.
The gnoll hits you but does no damage. x2
You hit the gnoll.
The gnoll is almost dead.
The gnoll hits you with a +0 halberd!
* * * LOW HITPOINT WARNING * * *
A demonic guardian appears!
The gnoll hits you but does no damage.
You closely miss the gnoll.
The gnoll is almost dead.
The gnoll drinks a potion.
The gnoll is healed!
The gnoll hits you but does no damage.
You hit the gnoll.
The gnoll is heavily wounded.
The gnoll barely misses you.
The gnoll hits you from afar with a +0 spear.
You die...

#.########### ......
#.#.......... ......
#.#.########. ......
#####.#.# #..<...
......######.....#.#
#......
..........##.#####.#
#...... ..........##.#
###'###...♣♣♣
..........##5#
#.........♣♣♣
......!..gg@.#
#.........♣♣.
..........####
#.........♣♣.
..........#
#.........♣♣.
######....#
###'###...♣♣. #..(.#
#.# #...♣♣. #....# #.#
#...... #....# #.#
#......
#....########.###.#####
#..........#.#


You could see 2 gnolls and a friendly shadow imp (summoned).

Vanquished Creatures
  A necrophage (D:2)
  4 adders (D:2)
  A gnoll (D:3)
  A worm (D:2)
  2 dart slugs
  An orc (D:3)
  3 endoplasms
  2 giant cockroaches
  3 goblins
  9 hobgoblins
  5 kobolds
  A quokka (D:2)
  7 ball pythons
  3 bats (D:2)
  4 frilled lizards
  5 rats
52 creatures vanquished.

Notes
Turn   | Place    | Note
-------+----------+-------------------------------------------
     0 | D:1      | SensoryNuts the Demonspawn Gladiator began the quest for
                  | the Orb.
     0 | D:1      | Reached XP level 1. HP: 16/16 MP: 1/1
   511 | D:1      | Gained mutation: You have a pair of small antennae on your
                  | head. [demonic ancestry]
   511 | D:1      | Reached XP level 2. HP: 22/22 MP: 2/2
   715 | D:1      | Found Emiax's One-of-a-Kind Rings.
  1020 | D:1      | Reached skill level 3 in Long Blades
  1225 | D:2      | Gained mutation: Your movements are slightly less
                  | encumbered by armour. (ER -2) [demonic ancestry]
  1225 | D:2      | Reached XP level 3. HP: 20/27 MP: 3/3
  1927 | D:2      | Reached XP level 4. HP: 27/34 MP: 4/4
  2188 | D:2      | Noticed a necrophage
  2200 | D:2      | Killed a necrophage
  2201 | D:2      | Reached skill level 4 in Long Blades
  2201 | D:2      | Reached skill level 1 in Armour
  2201 | D:2      | Gained mutation: A weak demonic guardian rushes to your
                  | aid. [demonic ancestry]
  2201 | D:2      | Reached XP level 5. HP: 32/39 MP: 5/5
  2438 | D:3      | Found a burning altar of Makhleb.
  2633 | D:3      | Found Jyorocw's Antique Armour Shoppe.
  3507 | D:3      | Slain by a gnoll

Illustrated notes

Levels and vault maps discovered:
D:1:      kilobyte_arrival_exit_the_forest, layout_rooms, serial_glass,
          glass_columns_b, glass_columns_a, glass_columns_a, glass_columns_a,
          glass_columns_c, glass_columns_a, glass_columns_a, glass_columns_b,
          glass_columns_c, glass_columns_a, glass_columns_c, glass_columns_b,
          glass_columns_a, glass_columns_b, item_on_display_a,
          due_unseen_surprise, minmay_strange_pillars, item_on_display_a,
          hangedman_decor_growths, nicolae_shop_unique_rings
D:2:      layout_loops_ring
D:3:      layout_basic, mainiacjoe_overflow_chevrons,
          chequers_ecumenical_altar_lobes, serial_shops, shop

Skill      XL: |  1  2  3  4 |
---------------+-------------+-----
Dodging        | 3 |  3.2
Long Blades    | 3 4 |  4.4
Armour         | 1 |  1.7
Fighting       | |  2.6
Throwing       | |  1.9
Stealth        | |  0.2

Action                   |  1- 3 |  4- 6 || total
-------------------------+-------+-------++-------
Melee: Long sword        |   110 |    67 ||   177
  Use: Scroll            |       |     6 ||     6
       Potion            |       |     4 ||     4
Armor: Leather armour    |    11 |       ||    11
       Plate armour      |    33 |    43 ||    76
Dodge: Dodged            |    57 |    32 ||    89

Table legend: (Time is in decaauts)
 A = Elapsed time spent in this place.
 B = Non-inter-level travel time spent in this place.
 C = Inter-level travel time spent in this place.
 D = Time resting spent in this place.
 E = Time spent auto-exploring this place.
 F = Levels seen in this place.
 G = Mean time per level.
                   A        B        C        D        E       F      G
               +--------+--------+--------+--------+--------+-----+--------+
         Total |   3541 |   3541 |      0 |      0 |   2983 |   3 | 1180.3 |
       Dungeon |   3541 |   3541 |      0 |      0 |   2983 |   3 | 1180.3 |
               +--------+--------+--------+--------+--------+-----+--------+

Top non-repeatable levels by time:
     D:1: 1231 daAuts
     D:2: 1231 daAuts
     D:3: 1078 daAuts
